 Dungeon Crawl Stone Soup version 0.30.0-30-g96aa6591b8 (webtiles) character file.

Game seed: 5102556522300831870

101 Fodor the Covered (level 4, -13/40 HPs)
             Began as a Minotaur Fighter on June 30, 2023.
             Mangled by an ogre
             ... wielding a +0 giant club
              (23 damage)
             ... on level 3 of the Dungeon.
             The game lasted 00:11:43 (2354 turns).

Fodor the Covered (Minotaur Fighter)                Turns: 2354, Time: 00:11:43

Health: -13/40     AC:  8    Str: 23    XL:     4   Next: 48%
Magic:  3/3        EV: 10    Int:  5    God:
Gold:   104        SH:  4    Dex:  9    Spells: 3/3 levels left

rFire   . . .        a - +0 long sword
rCold   . . .        c - +0 buckler
rNeg    . . .        b - +0 scale mail
rPois   +            (helmet restricted)
rElec   .            f - +0 cloak {rPois}
rCorr   .            (no gloves)
SInv    .            (no boots)
Will    .....        (no amulet) Stlth
                     (no ring)
HPRegen 0.26/turn    (no ring)
MPRegen 0.08/turn

%: no passive effects
@: no status effects
A: horns 2, retaliatory headbutt
a: no special abilities


You were on level 3 of the Dungeon.
You visited 1 branch of the dungeon, and saw 3 of its levels.

You collected 104 gold pieces.

Inventory:

Hand Weapons
 a - a +0 long sword (weapon)
Missiles
 o - 2 javelins (quivered)
Armour
 b - a +0 scale mail (worn)
 c - a +0 buckler (worn)
 f - a +0 cloak of poison resistance (worn)
Scrolls
 e - a scroll of acquirement
 h - a scroll of noise {unknown}
 i - a scroll of amnesia
 j - 2 scrolls of teleportation
 n - a scroll of fear {unknown}
Potions
 d - a potion of might
 g - 2 potions of flight {unknown}
 k - a potion of resistance {unknown}
 l - a potion of lignification {unknown}
 m - 5 potions of curing


   Skills:
 + Level 4.2 Fighting
 + Level 3.2 Long Blades
 + Level 0.1 Throwing
 + Level 4.5 Armour
 + Level 1.2 Dodging
 + Level 0.2 Stealth
 + Level 4.4 Shields


You had 3 spell levels left.
You didn't know any spells.
Your spell library contained the following spells:

 Spells                   Type           Power      Damage    Failure   Level
 Sublimation of Blood     Necr           0%         N/A       93%         2
 Petrify                  Tmut/Erth      0%         N/A       100%        4
 Irradiate                Conj/Tmut      0%         3d11      100%        5


Dungeon Overview and Level Annotations

Branches:
Dungeon (3/15)

Altars:
Vehumet

Shops:
D:1 !


Innate Abilities, Weirdness & Mutations

You have a pair of horns on your head.
You reflexively headbutt those who attack you in melee.


Message History

Crazy Yiuf is severely wounded.
Crazy Yiuf hits you with a +4 quarterstaff of chaos!
You feel drained.
You slash Crazy Yiuf!
You kill Crazy Yiuf!
Your life force feels restored.
There is an open translucent door here.
Things that are here:
a +4 quarterstaff of chaos; a +0 cloak of poison resistance You start resting.
HP restored.
There are no items here.
There is an open translucent door here.
Things that are here:
a +4 quarterstaff of chaos; a +0 cloak of poison resistance
f - a +0 cloak of poison resistance You see here a +0 hammer.
You start putting on your armour.
You continue putting on your +0 cloak of poison resistance. x4
You finish putting on your +0 cloak of poison resistance.
You feel resistant to poison.
There is an open translucent door here.
You see here a +4 quarterstaff of chaos.
There is an escape hatch in the floor here.
You slide downwards.
The hatch slams shut behind you.
An ogre comes into view. It is wielding a +0 giant club.
The ogre shouts!
The ogre moves out of view.
The ogre hits you with a +0 giant club!
You barely miss the ogre. The ogre barely misses you.
You hit the ogre.
The ogre is lightly wounded.
The ogre hits you with a +0 giant club!!
Ouch! That really hurt!
* * * LOW HITPOINT WARNING * * *
You slash the ogre! You headbutt the ogre.
The ogre is heavily wounded.
The ogre hits you with a +0 giant club!!
Ouch! That really hurt!
You die...

#. #.###
#...# ####..#
#.....#
#.###.# #.#
#.# #.###.#
#......#..O@#
#######.#####
#. .. ...
.... .....
##....


You could see an ogre.

Vanquished Creatures
  Crazy Yiuf (D:2)
  Jessica (D:2)
  An adder (D:2)
  3 endoplasms
  2 giant cockroaches
  5 goblins
  4 hobgoblins
  3 jackals (D:1)
  4 ball pythons
  3 bats
  3 frilled lizards
  3 kobolds
  5 rats
38 creatures vanquished.

Notes
Turn   | Place    | Note
-------+----------+-------------------------------------------
     0 | D:1      | Fodor the Minotaur Fighter began the quest for the Orb.
     0 | D:1      | Reached XP level 1. HP: 19/19 MP: 0/0
    89 | D:1      | Found Donwoz's Distillery.
   320 | D:1      | Reached XP level 2. HP: 26/27 MP: 1/1
  1553 | D:2      | Found a radiant altar of Vehumet.
  1581 | D:2      | Noticed Jessica
  1583 | D:2      | Killed Jessica
  1584 | D:2      | Reached XP level 3. HP: 32/33 MP: 2/2
  1590 | D:2      | Found a runed translucent door.
  1591 | D:2      | Noticed Crazy Yiuf
  1738 | D:2      | Reached skill level 1 in Dodging
  2057 | D:2      | Reached XP level 4. HP: 40/40 MP: 3/3
  2213 | D:2      | Identified a scroll of acquirement
  2244 | D:2      | Killed Crazy Yiuf
  2342 | D:3      | Noticed an ogre
  2354 | D:3      | Mangled by an ogre

Illustrated notes

Levels and vault maps discovered:
D:1:      zelgadis_glass_arrival_small, layout_basic, serial_shops,
          nicolae_shop_behind_doors
D:2:      minmay_chambers_of_ones, layout_basic, serial_glass, glass_columns_a,
          glass_columns_b, basic_altar, uniq_crazy_yiuf_cottage, uniq_jessica
D:3:      layout_loops_ring, grunt_temple_overflow_order_and_chaos_1,
          old_standard_altar, lightli_corner_chamber, uniq_natasha

Skill      XL: |  1  2  3  4 |
---------------+-------------+-----
Shields        | 4 |  4.4
Armour         | 4 |  4.5
Fighting       | 4 |  4.2
Dodging        | 1 |  1.2
Long Blades    | 3 |  3.2
Throwing       | |  0.1
Stealth        | |  0.2

Action                     |  1- 3 |  4- 6 || total
---------------------------+-------+-------++-------
  Melee: Long sword        |    70 |    19 ||    89
         Headbutt          |     9 |     3 ||    12
  Throw: Javelin           |     2 |       ||     2
    Use: Scroll            |       |     4 ||     4
 Armour: Scale mail        |    47 |     3 ||    50
  Dodge: Dodged            |    31 |     8 ||    39
  Block: Buckler           |    21 |     4 ||    25
